 Dungeon Crawl Stone Soup version 0.22-a0 (webtiles) character file.

149117 Firecrotchwizard the Warrior (level 17, -3/115 HPs)
             Began as a Gargoyle Berserker on Dec 31, 2017.
             Was a High Priest of Trog.
             Slain by a sea snake (6 damage)
             ... on level 3 of the Snake Pit.
             The game lasted 01:11:52 (28151 turns).

Firecrotchwizard the Warrior (Gargoyle Berserker)  Turns: 28151, Time: 01:11:53

Health: -3/115     AC: 27    Str: 21    XL:     17   Next: 50%
Magic:  0/8        EV: 12    Int: 10    God:    Trog [*****.]
Gold:   1728       SH: 19    Dex: 14    Spells: 16/16 levels left

rFire    + + .     SeeInvis .   Y - +5 demon whip (antimagic)
rCold    + . .     Gourm    .   K - +2 shield {AC+3}
rNeg     + . .     Faith    .   T - +2 troll leather armour {regen}
rPois    ∞         Spirit   .   R - +0 helmet
rElec    +         Reflect  +   f - scarf {rC+ rF+}
rCorr    .         Harm     .   E - +1 pair of gloves
MR       +....                  (no boots)
Stlth    +++.......             O - +3 amulet of reflection
HPRegen  0.69/turn              W - ring of Shadows {Umbra +Inv Stlth+}
MPRegen  0.11/turn              V - ring of protection from fire {rF+, !d}

@: flying, hasted and slowed, wreathed by umbra, constricted
A: big wings, deformed body, negative energy resistance 1, electricity
resistance, unbreathing, petrification resistance, rot immunity, AC +12
a: Stop Flying, Berserk, Trog's Hand, Brothers in Arms, Burn Spellbooks,
Renounce Religion, Evoke Invisibility


You were on level 3 of the Snake Pit.
You worshipped Trog.
Trog was extremely pleased with you.
You were not hungry.

You visited 4 branches of the dungeon, and saw 26 of its levels.

You collected 2881 gold pieces.
You spent 1153 gold pieces at shops.

Inventory:

Hand Weapons
 N - a +0 blowgun
   (You found it on level 9 of the Dungeon)
 S - the +8 whip "Snakebite" {curare, rPois}
   (Trog gifted it to you on level 6 of the Lair of Beasts)

   It poisons the flesh of those it strikes.
   It protects you from poison.
 Y - a +5 antimagic demon whip (weapon)
   (Trog gifted it to you on level 13 of the Dungeon)
Missiles
 p - 13 curare-tipped needles
 z - 5 throwing nets {=f, !d}
Armour
 e - a +2 cloak
   (You found it on level 1 of the Dungeon)
 f - a scarf of resistance (worn)
   (You found it on level 10 of the Dungeon)
 x - a +1 plate armour of cold resistance
   (You took it off an orc knight on level 2 of the Orcish Mines)
 E - a +1 pair of gloves (worn)
   (You found it on level 7 of the Dungeon)
 K - a +2 shield of protection (worn)
   (You bought it in a shop on level 4 of the Dungeon)
 R - a +0 helmet (worn)
   (You found it on level 4 of the Lair of Beasts)
 T - a +2 troll leather armour (worn) {regen}
   (You found it on level 6 of the Lair of Beasts)
Jewellery
 a - an uncursed ring of positive energy {rN+}
   (You found it on level 6 of the Dungeon)
 u - an uncursed amulet of rage {+Rage, !d}
   (You found it on level 13 of the Dungeon)
 O - a +3 amulet of reflection (around neck)
   (You took it off Harold on level 2 of the Lair of Beasts)
 V - a ring of protection from fire (right hand) {rF+, !d}
   (You found it on level 6 of the Lair of Beasts)
 W - the ring of Shadows (left hand) {Umbra +Inv Stlth+}
   (You found it on level 12 of the Dungeon)

   [ring of stealth]

   It lets you turn invisible.
   It makes you more stealthy.
Wands
 l - a wand of acid (21)
   (You found it on level 11 of the Dungeon)
 B - a wand of polymorph (52)
   (You found it on level 7 of the Dungeon)
 D - a wand of clouds (3)
   (You found it on level 7 of the Dungeon)
 F - a wand of disintegration (16) {@e1}
   (You found it on level 7 of the Dungeon)
 G - a wand of digging (19)
   (You found it on level 9 of the Dungeon)
 M - a wand of iceblast (17)
   (You found it on level 6 of the Lair of Beasts)
 P - a wand of paralysis (13)
   (You found it on level 15 of the Dungeon)
 Q - a wand of enslavement (11)
   (You found it on level 15 of the Dungeon)
Scrolls
 h - 13 scrolls of remove curse
 i - 19 scrolls of teleportation
 j - 6 scrolls of fog
 t - 3 scrolls of identify
 y - 6 scrolls of magic mapping {!r}
 H - 2 scrolls of fear
 I - 5 scrolls of blinking {!r}
 Z - a scroll of holy word {!r}
Potions
 b - 5 potions of haste
 d - 18 potions of curing
 k - 3 potions of agility
 m - 4 potions of resistance
 o - 2 potions of might
 q - a potion of berserk rage {!q}
 r - 6 potions of lignification {!q}
 s - 5 potions of brilliance
 v - 3 potions of heal wounds
 C - 5 potions of mutation {!q}
 L - 3 potions of invisibility
Miscellaneous
 w - a lightning rod (4/4)
   (You found it on level 9 of the Dungeon)
 J - 2 phantom mirrors
 U - a fan of gales
   (You found it on level 6 of the Lair of Beasts)
Comestibles
 c - 24 rations {@e1}


   Skills:
 + Level 16.2 Fighting
 - Level 14.0 Maces & Flails
 + Level 16.0 Armour
 - Level 5.5 Dodging
 + Level 14.7 Shields
 + Level 9.4 Evocations


You had 16 spell levels left.
You didn't know any spells.

Dungeon Overview and Level Annotations

Branches:
Dungeon (15/15)            Temple (0/1) D:6            Lair (6/6) D:9
 Shoals (0/4) Lair:4        Snake (3/4) Lair:3          Orc (2/2) D:9
    Elf (0/3) Orc:2        Vaults (0/5) D:13         Depths (0/5) D:15
  Slime: Lair:5-6

Altars:
Ashenzari
Dithmenos
Kikubaaqudgha
Nemelex Xobeh
Okawaru
Qazlal
Trog
Vehumet
Xom
Yredelemnul
The Shining One

Shops:
D:4 [   D:7 }   D:9 %   D:13 %   Orc:2 %}[*}   Snake:1 }[*}(   Snake:3 }

Portals:
Trove: D:13 (give 7 scrolls of blinking)

Annotations:
Lair:5 exclusion: 2 oklob plants


Innate Abilities, Weirdness & Mutations

You are resistant to torment.
Your stone body is resilient. (AC +12)
You are immune to poison.
Your large and strong wings let you fly indefinitely.
You resist negative energy. (rN+)
You are resistant to electric shocks. (rElec)
You can survive without breathing.
You are immune to petrification.
You are immune to rotting.
Armour fits poorly on your strangely shaped body.


Message History

The anaconda bites you! The anaconda constricts you.
The sea snake bites you but does no damage.
You take 12 damage, and have 86/115 hp.
Aim: a sea snake (umbra)
You create a blast of poison gas!
The guardian serpent casts a spell at you.
You feel as though you will be slow longer.
You block the anaconda's attack. The anaconda constricts you.
The mana viper misses you.
The guardian serpent coils itself and waves its upper body at you.
You easily resist.
The sea snake misses you.
You block the guardian serpent's attack.
The anaconda barely misses you. The anaconda constricts you.
The sea snake is engulfed in poison gas.
The sea snake is poisoned.
The sea snake completely misses you. You block the mana viper's attack.
The guardian serpent hits you!
The sea snake bites you but does no damage.
You take 10 damage, and have 76/115 hp.
You miss the sea snake. The anaconda barely misses you.
The anaconda constricts you.
The guardian serpent casts a spell at you.
You easily resist.
You block the mana viper's attack.
The sea snake is engulfed in poison gas.
The sea snake looks even sicker.
The sea snake bites you but does no damage.
You block the guardian serpent's attack.
The sea snake bites you!
The anaconda bites you but does no damage.
The anaconda constricts you.
You take 9 damage, and have 67/115 hp.
You miss the guardian serpent.
The guardian serpent casts a spell at you.
The bolt of poison hits you! You resist. You block the mana viper's attack.
The guardian serpent hits you but does no damage.
The anaconda bites you but does no damage.
The anaconda constricts you.
The sea snake is engulfed in poison gas.
The sea snake looks even sicker.
The sea snake bites you but does no damage.
You block the sea snake's attack.
You block the guardian serpent's attack.
You take 3 damage, and have 64/115 hp.
You miss the guardian serpent. The mana viper closely misses you.
You block the anaconda's attack. The anaconda constricts you.
The guardian serpent hits you but does no damage.
The sea snake is engulfed in poison gas.
The sea snake looks as sick as possible!
You block the sea snake's attack. The guardian serpent barely misses you.
You closely miss the guardian serpent. You block the anaconda's attack.
The anaconda constricts you. The mana viper bites you.
You feel your power leaking away. The sea snake bites you!
The guardian serpent hits you but does no damage.
The anaconda bites you but does no damage.
The anaconda constricts you.
The guardian serpent hits you but does no damage.
The sea snake is engulfed in poison gas.
The sea snake looks as sick as possible!
You block the sea snake's attack.
You take 15 damage, and have 50/115 hp.
You now have 0/8 mp.
You thrash the anaconda!! The guardian serpent barely misses you.
The mana viper closely misses you. You block the sea snake's attack.
The anaconda bites you but does no damage.
The anaconda constricts you.
You block the guardian serpent's attack.
The sea snake is engulfed in poison gas.
The sea snake looks as sick as possible!
You block the sea snake's attack. The guardian serpent hits you!
* * * LOW HITPOINT WARNING * * *
The mana viper barely misses you.
You take 17 damage, and have 33/115 hp.
You thrash the anaconda!! The anaconda bites you!
* * * LOW HITPOINT WARNING * * *
The anaconda constricts you. The sea snake barely misses you.
You block the guardian serpent's attack.
The guardian serpent barely misses you.
The mana viper bites you but does no damage.
The sea snake is engulfed in poison gas.
The sea snake looks as sick as possible!
You block the sea snake's attack.
You take 8 damage, and have 25/115 hp.
You miss the anaconda. You block the anaconda's attack.
The anaconda constricts you.
The sea snake bites you but does no damage.
You block the guardian serpent's attack.
The guardian serpent hits you!
* * * LOW HITPOINT WARNING * * *
The anaconda barely misses you.
* * * LOW HITPOINT WARNING * * *
The anaconda constricts you. The mana viper barely misses you.
You take 21 damage, and have 4/115 hp.
You feel yourself speed up.
You block the guardian serpent's attack.
The anaconda bites you but does no damage.
* * * LOW HITPOINT WARNING * * *
The anaconda constricts you.
The sea snake is engulfed in poison gas.
The sea snake looks as sick as possible!
The sea snake bites you.
You die...

...#...........)...)....#....+#..
...#..........)........∩.........
^..#......###..###..........♣.#..
<.<#......#.#....##..............
...#.....##.......#........♣∩♣...
#.##.....#........#....#+....#...
###......##§§....##....#....♣#...
(......##§§§§SS#.....##....#...
#.§§§§S@S...P.....P.....
##.###S#S..≈≈.≈≈.≈≈P.... #+#
###..♣≈≈≈♣≈≈♣≈ .♣.≈≈≈≈≈≈S≈ .P≈P≈
≈ .. ≈♣≈. ..P ≈ ≈ #.. .P


You could see 2 sea snakes, an anaconda, a mana viper and 2 guardian serpents.

Vanquished Creatures
  Jorgrun (Snake:2)
  Rupert (D:14)
  4 nagarajas
  A stone giant (Orc:2)
  The ghost of ricardofg the Destroyer, a journeyman GrWz of Vehumet (Orc:2)
  The ghost of howech the Thaumaturge, a journeyman GnAE of Okawaru (Lair:1)
  Josephine (D:13)
  Harold (Lair:2)
  Fannar (D:11)
  9 hydras
  4 vault guards (D:13)
  4 naga warriors (Snake:1)
  4 centaur warriors
  4 catoblepae
  3 anacondas (Snake:2)
  2 death knights (D:12)
  9 two-headed ogres
  A deep troll shaman (Lair:6)
  Erica (D:10)
  3 orc high priests (Orc:2)
  7 death yaks (Lair:6)
  5 naga sharpshooters
  5 shock serpents
  Sonja (Lair:3)
  A salamander mystic (Snake:2)
  An unseen horror (D:14)
  2 sea snakes (Snake:3)
  5 wizards
  5 naga ritualists
  5 orc knights
  A necromancer (D:15)
  A wolf spider zombie (D:15)
  A wolf spider (D:15)
  10 mana vipers
  5 orc sorcerers
  26 ugly things
  2 deep elf magi
  A cyclops (D:15)
  3 manticores
  3 salamanders
  15 elephants
  A merfolk siren (Lair:4)
  A torpor snail (Lair:2)
  11 spiny frogs
  24 black mambas
  2 guardian serpents
  8 naga magi
  2 gargoyles
  6 centaur skeletons
  3 efreet
  5 komodo dragons
  A rime drake (Lair:1)
  2 kobold demonologists
  A tengu conjurer (D:14)
  A merfolk (D:10)
  3 hornets
  7 trolls
  2 polar bears
  A wolf spider simulacrum (D:15)
  12 blink frogs
  Prince Ribbit (D:7)
  7 dream sheep (Lair:5)
  7 hippogriffs
  A centaur simulacrum (D:15)
  6 wraiths (D:13)
  5 wyverns
  3 basilisks
  A spriggan (Lair:4)
  A hog (shapeshifter) (D:15)
  17 humans (D:13)
  A shadow (D:13)
  35 yaks
  A vampire (D:13)
  A steam dragon (D:13)
  3 hungry ghosts
  Menkaure (D:5)
  5 wargs (Orc:1)
  21 nagas
  An acid dragon (D:13)
  13 water moccasins
  12 porcupines
  2 hornet zombies
  6 ice beasts
  39 orc warriors
  2 necrophages
  5 sky beasts
  3 black bears
  A phantom (D:5)
  14 ogres
  8 wolves
  9 centaurs
  3 eyes of draining
  15 crocodiles
  15 bullfrogs
  5 scorpions
  8 wights (D:10)
  2 howler monkeys (D:12)
  4 electric eels
  2 crimson imps
  4 centaur zombies
  2 bullfrog zombies
  9 hounds
  2 quasits
  A jelly (D:8)
  3 bullfrog skeletons
  14 orc priests
  33 orc wizards
  2 iguanas
  10 worker ants
  A hound zombie (D:5)
  A hound skeleton (D:11)
  4 gnolls
  7 adders
  5 shadow imps
  An adder skeleton (D:6)
  An adder zombie (D:7)
  A worm (D:3)
  2 dart slugs
  4 leopard geckos
  94 orcs
  14 giant cockroaches
  8 goblins
  12 hobgoblins
  5 jackals
  9 quokkas
  2 bats
  5 frilled lizards
  3 kobolds (D:2)
  5 rats
  A bush (Lair:5)
  4 fungi (Lair:6)
809 creatures vanquished.

Vanquished Creatures (others)
  Nessos (Lair:6)
  A centaur warrior (D:14)
  An orc knight (Orc:2)
  2 cyclopes (D:15)
  A black mamba (Snake:3)
  A naga mage (Snake:3)
  3 centaurs
  An orc (Orc:1)
  6 fungi
  15 plants
32 creatures vanquished.

Grand Total: 841 creatures vanquished

Notes
Turn   | Place    | Note
-------+----------+-------------------------------------------
     0 | D:1      | Firecrotchwizard the Gargoyle Berserker began the quest for the Orb.
     0 | D:1      | Reached XP level 1. HP: 14/14 MP: 1/1
    58 | D:1      | Reached XP level 2. HP: 19/19 MP: 2/2
   467 | D:1      | Reached XP level 3. HP: 16/23 MP: 3/3
   888 | D:2      | Reached ** piety under Trog
   910 | D:2      | Reached skill level 2 in Dodging
   910 | D:2      | Reached XP level 4. HP: 29/29 MP: 4/4
   977 | D:2      | Reached skill level 3 in Armour
  1062 | D:2      | Reached skill level 4 in Maces & Flails
  1410 | D:2      | Found a shimmering altar of Xom.
  1509 | D:3      | Found a stormy altar of Qazlal.
  1510 | D:3      | Noticed a fire elemental
  1512 | D:3      | Noticed an air elemental
  1512 | D:3      | Noticed a water elemental
  1512 | D:3      | Noticed an earth elemental
  1542 | D:3      | Reached skill level 4 in Fighting
  1542 | D:3      | Reached XP level 5. HP: 13/33 MP: 5/5
  1770 | D:3      | Found a shadowy altar of Dithmenos.
  1805 | D:3      | Found a shattered altar of Ashenzari.
  1960 | D:3      | Found a radiant altar of Vehumet.
  2395 | D:4      | Reached XP level 6. HP: 36/39 MP: 6/6
  2437 | D:4      | Got a transparent rapier
  2503 | D:4      | Found Pucvyfes's Armour Shoppe.
  2577 | D:4      | Reached *** piety under Trog
  2577 | D:4      | Reached skill level 5 in Maces & Flails
  2974 | D:4      | Found a glowing drain.
  3028 | D:5      | Entered Level 5 of the Dungeon
  3055 | D:5      | Reached skill level 4 in Armour
  3062 | D:5      | Reached XP level 7. HP: 41/44 MP: 7/7
  3187 | D:5      | Reached skill level 3 in Dodging
  3388 | D:5      | Got a translucent dagger
  3401 | D:5      | Reached skill level 5 in Fighting
  3555 | D:5      | Reached skill level 6 in Maces & Flails
  3557 | D:5      | Found an ancient bone altar of Kikubaaqudgha.
  3678 | D:5      | Noticed Menkaure
  3687 | D:5      | Killed Menkaure
  3778 | D:5      | Reached XP level 8. HP: 37/49 MP: 8/8
  4385 | D:6      | Found a basalt altar of Yredelemnul.
  4525 | D:6      | Reached skill level 5 in Armour
  4665 | D:6      | Reached skill level 7 in Maces & Flails
  4689 | D:6      | Reached skill level 4 in Dodging
  4696 | D:6      | Reached skill level 6 in Fighting
  4769 | D:6      | Found a staircase to the Ecumenical Temple.
  4929 | D:6      | Reached **** piety under Trog
  4929 | D:6      | Reached XP level 9. HP: 25/55 MP: 9/9
  5280 | D:7      | Found Saptigyu's Gadget Shop.
  5362 | D:7      | Found a glowing golden altar of the Shining One.
  5364 | D:7      | Noticed an angel
  5436 | D:7      | Noticed Prince Ribbit
  5462 | D:7      | Killed Prince Ribbit
  5462 | D:7      | Reached skill level 6 in Armour
  5544 | D:7      | Found a basalt altar of Yredelemnul.
  5661 | D:7      | Reached skill level 8 in Maces & Flails
  6395 | D:8      | Noticed a two-headed ogre
  6414 | D:8      | Killed a two-headed ogre
  6414 | D:8      | Reached skill level 7 in Fighting
  6546 | D:7      | Reached skill level 5 in Dodging
  6804 | D:8      | Reached skill level 9 in Maces & Flails
  6971 | D:8      | Reached skill level 7 in Armour
  6986 | D:8      | Reached XP level 10. HP: 58/63 MP: 10/10
  7435 | D:4      | Bought a +2 shield of protection for 258 gold pieces
  7968 | D:8      | Reached skill level 1 in Shields
  8143 | D:9      | Found a staircase to the Lair.
  8152 | D:9      | Reached skill level 8 in Fighting
  8169 | D:9      | Reached skill level 10 in Maces & Flails
  8178 | D:9      | Noticed a two-headed ogre
  8195 | D:9      | Killed a two-headed ogre
  8195 | D:9      | Reached skill level 2 in Shields
  8219 | D:9      | Reached skill level 8 in Armour
  8267 | D:9      | Reached skill level 3 in Shields
  8559 | D:9      | Reached XP level 11. HP: 69/69 MP: 5/11
  8636 | D:9      | Got a warped spear
  8777 | D:9      | Found a staircase to the Orcish Mines.
  8852 | D:9      | Reached skill level 4 in Shields
  8911 | D:9      | Found Osim's Food Shoppe.
  8997 | D:10     | Entered Level 10 of the Dungeon
  9046 | D:10     | Reached skill level 11 in Maces & Flails
  9132 | D:10     | Reached ***** piety under Trog
  9132 | D:10     | Reached skill level 9 in Fighting
  9556 | D:10     | Noticed Erica
  9588 | D:10     | Killed Erica
  9652 | D:10     | Received a gift from Trog
  9861 | D:10     | Reached skill level 9 in Armour
 10181 | Lair:1   | Entered Level 1 of the Lair of Beasts
 10294 | Lair:1   | Reached skill level 5 in Shields
 10511 | Lair:1   | Found a stormy altar of Qazlal.
 10584 | Lair:1   | Noticed howech's ghost (journeyman GnAE)
 10622 | Lair:1   | Killed howech's ghost
 10752 | Lair:1   | Reached skill level 12 in Maces & Flails
 10821 | Lair:1   | Reached XP level 12. HP: 68/77 MP: 12/12
 10845 | Lair:1   | Reached skill level 6 in Shields
 11190 | Lair:2   | Reached skill level 10 in Fighting
 11191 | Lair:2   | Got a bloodstained arbalest
 11265 | Lair:2   | Got an ancient dagger
 11508 | Lair:2   | Reached skill level 10 in Armour
 11620 | Lair:2   | Noticed a six-headed hydra
 11637 | Lair:2   | Killed a six-headed hydra
 12016 | Lair:2   | Noticed a seven-headed hydra
 12026 | Lair:2   | Killed a seven-headed hydra
 12026 | Lair:2   | Reached skill level 7 in Shields
 12150 | Lair:2   | Noticed a seven-headed hydra
 12157 | Lair:2   | Killed a seven-headed hydra
 12157 | Lair:2   | Reached skill level 13 in Maces & Flails
 12358 | Lair:2   | Noticed Harold
 12378 | Lair:2   | Killed Harold
 12749 | Lair:3   | Noticed Sonja
 12768 | Lair:3   | Killed Sonja
 12922 | Lair:3   | Noticed a four-headed hydra
 12936 | Lair:3   | Killed a four-headed hydra
 12943 | Lair:3   | Found a staircase to the Snake Pit.
 13294 | Lair:3   | Reached XP level 13. HP: 79/84 MP: 13/13
 13296 | Lair:3   | Reached skill level 11 in Fighting
 13424 | Lair:4   | Reached skill level 8 in Shields
 13428 | Lair:4   | Received a gift from Trog
 13544 | Lair:4   | Reached skill level 11 in Armour
 13811 | Lair:4   | Found a staircase to the Shoals.
 14090 | Lair:4   | Reached skill level 14 in Maces & Flails
 14485 | Lair:5   | Found a sparkling altar of Nemelex Xobeh.
 14907 | Lair:5   | Reached skill level 9 in Shields
 15204 | Lair:5   | Reached skill level 12 in Fighting
 15721 | Lair:6   | Entered Level 6 of the Lair of Beasts
 15731 | Lair:6   | Reached skill level 12 in Armour
 16047 | Lair:6   | Reached skill level 10 in Shields
 16122 | Lair:6   | Noticed Nessos
 16128 | Lair:6   | Gained mutation: Your large and strong wings let you fly indefinitely. [Gargoyle growth]
 16128 | Lair:6   | Reached XP level 14. HP: 92/92 MP: 14/14
 16150 | Lair:6   | Killed Nessos
 16726 | Lair:6   | Reached skill level 1 in Evocations
 16767 | Lair:6   | Reached skill level 13 in Fighting
 16816 | Lair:6   | Reached skill level 2 in Evocations
 16963 | Lair:6   | Received a gift from Trog
 16964 | Lair:6   | Found the +8 whip "Snakebite" {curare, rPois}
 17220 | Lair:6   | Reached skill level 11 in Shields
 17228 | Lair:6   | Reached skill level 13 in Armour
 17627 | Orc:1    | Entered Level 1 of the Orcish Mines
 18175 | Orc:1    | Reached skill level 3 in Evocations
 18442 | Orc:2    | Entered Level 2 of the Orcish Mines
 18442 | Orc:2    | Found a staircase to the Elven Halls.
 18457 | Orc:2    | Received a gift from Trog
 18816 | Orc:2    | Found Ytwaby's Food Shoppe.
 18816 | Orc:2    | Found Mube's General Store.
 18818 | Orc:2    | Found Wiupp's Gadget Shoppe.
 18818 | Orc:2    | Found Noun's Armour Boutique.
 18829 | Orc:2    | Bought 2 potions of curing for 78 gold pieces
 18829 | Orc:2    | Bought a scroll of enchant weapon for 97 gold pieces
 18932 | Orc:2    | Found a bloodstained altar of Trog.
 19034 | Orc:2    | Reached skill level 4 in Evocations
 19069 | Orc:2    | Found an iron altar of Okawaru.
 19078 | Orc:2    | Found Daashrem's Gadget Emporium.
 19079 | Orc:2    | Noticed a stone giant
 19086 | Orc:2    | Killed a stone giant
 19097 | Orc:2    | Bought a wand of clouds (2) for 216 gold pieces
 19282 | Orc:2    | Reached XP level 15. HP: 99/99 MP: 18/18
 19324 | Orc:2    | Noticed ricardofg's ghost (journeyman GrWz)
 19352 | Orc:2    | Killed ricardofg's ghost
 19679 | D:11     | Noticed Fannar
 19716 | D:11     | Killed Fannar
 20018 | D:11     | Got a polished short sword
 20388 | D:12     | Reached skill level 12 in Shields
 20596 | D:12     | Reached skill level 5 in Evocations
 20693 | D:12     | Found the ring of Shadows {Umbra +Inv Stlth+}
 20838 | D:13     | Reached skill level 14 in Fighting
 20890 | D:13     | Gained mutation: Armour fits poorly on your strangely shaped body. [a neqoxec]
 20983 | D:13     | Received a gift from Trog
 20991 | D:13     | Reached skill level 14 in Armour
 21335 | D:13     | Found a gate to the Vaults.
 21360 | D:13     | Received a gift from Trog
 21386 | D:13     | Reached skill level 6 in Evocations
 21838 | D:13     | Noticed Josephine
 21866 | D:13     | Killed Josephine
 22170 | D:13     | Found Canloos's Food Shoppe.
 22363 | D:13     | Found a portal to a secret trove of treasure.
 22578 | D:14     | Reached ****** piety under Trog
 22798 | D:14     | Reached XP level 16. HP: 103/107 MP: 19/21
 22818 | D:14     | Noticed Rupert
 22836 | D:14     | Killed Rupert
 22836 | D:14     | Reached skill level 13 in Shields
 23036 | D:14     | Reached skill level 7 in Evocations
 23177 | D:15     | Entered Level 15 of the Dungeon
 23334 | D:15     | Received a gift from Trog
 23514 | D:15     | Reached skill level 15 in Fighting
 23806 | D:15     | Reached skill level 15 in Armour
 24207 | D:15     | Paralysed by a wizard for 5 turns
 24302 | D:15     | Found a staircase to the Depths.
 24950 | Snake:1  | Entered Level 1 of the Snake Pit
 25040 | Snake:1  | Noticed a nagaraja
 25055 | Snake:1  | Killed a nagaraja
 25055 | Snake:1  | Reached skill level 8 in Evocations
 25228 | Snake:1  | Found Fubb's Antique Weapon Shoppe.
 25696 | Snake:1  | Found Saalu's Gadget Shoppe.
 25698 | Snake:1  | Found Lepu's General Store.
 25698 | Snake:1  | Found Jacatare's Antique Armour Emporium.
 25703 | Snake:1  | Found Foatifeu's Gadget Emporium.
 25742 | Snake:1  | Received a gift from Trog
 25788 | Snake:1  | Reached skill level 14 in Shields
 26109 | Snake:2  | Noticed Jorgrun
 26147 | Snake:2  | Killed Jorgrun
 26241 | Snake:2  | Reached XP level 17. HP: 111/114 MP: 5/23
 26447 | Snake:2  | Got a fine rapier
 26603 | Snake:2  | HP: 20/115 [mana viper (12)]
 26610 | Snake:2  | HP: 17/115 [mana viper (5)]
 26623 | Snake:2  | Got a smoking scimitar
 27241 | Snake:3  | Reached skill level 9 in Evocations
 27431 | Snake:3  | Reached skill level 16 in Fighting
 27540 | Snake:3  | Firecrotchwizard: @!!naga
 27540 | Snake:3  | Firecrotchwizard: !!@naga
 27540 | Snake:3  | Firecrotchwizard: @naga
 27540 | Snake:3  | Firecrotchwizard: help
 27540 | Snake:3  | Firecrotchwizard: @help
 27540 | Snake:3  | Firecrotchwizard: ??
 27831 | Snake:3  | Found Omontush's Gadget Emporium.
 27839 | Snake:3  | Bought a wand of acid (8) for 504 gold pieces
 27861 | Snake:3  | Reached skill level 16 in Armour
 27994 | Snake:3  | Received a gift from Trog
 28149 | Snake:3  | HP: 25/115 [anaconda (9)]
 28150 | Snake:3  | HP: 8/115 [guardian serpent (17)]
 28151 | Snake:3  | HP: 3/115 [anaconda (2)]
 28151 | Snake:3  | Slain by a sea snake

Vault maps used:
D:1:      dpeg_arrival_pits
D:2:      xom_teletrap_fun
D:3:      nicolae_overflow_crystal_walls, lemuel_crystal_altar,
          lemuel_coloured_pillars_altar, nicolae_qazlal_style_of_elements
D:4:      gup_sewer_entry_pipe, serial_shops, nicolae_shop_behind_doors,
          first_ration, minivault_11
D:5:      lemuel_doored_altar, st_stairs_8, mrwooster_statue_mirror,
          uniq_menkaure
D:6:      temple_green, basic_altar
D:7:      statuecave_lemuel, grunt_temple_overflow_holy_war, serial_shops,
          kennysheep_mini_moat, serial_co_window_serial, co_window_corner_a,
          co_window_corner_a, co_window_corner_a, co_window_paths_b,
          co_window_cross_1, co_window_corner_cb, co_window_of_opportunity_b,
          co_window_of_opportunity_b, co_window_corner_ca, glass_columns_b,
          glass_columns_a, glass_columns_b, glass_columns_b, glass_columns_c,
          minmay_misc_feat_roman, uniq_prince_ribbit1
D:9:      minmay_lair_entry_grove, erik_orc_2, serial_shops, kennysheep_mini
D:10:     hangedman_fish_farm, hangedman_abyss_or_decor_slice, disabler_island,
          uniq_erica
D:11:     minmay_misc_feat_diagonals, uniq_fannar
D:13:     grunt_vaults_entry_tiered, enter_trove_6, serial_shops,
          nicolae_shop_crystal, uniq_josephine
D:14:     uniq_rupert
D:15:     grunt_enter_depths_magical_seal, minivault_23
Lair:1:   basic_altar, beast_lair_carwin_10
Lair:2:   nzn_random_ring, uniq_harold
Lair:3:   minmay_snake_entry_guardpost_small, infiniplex_staircase_pool_2,
          uniq_sonja
Lair:4:   minmay_shoals_entry_lonely_mermaid, forest_entry_grove,
          serial_bayou_shore_a
Lair:5:   minmay_slime_entry_oklob_open, serial_bayou_lagoon_a,
          lemuel_centaur_altar
Lair:6:   grunt_lair_end_beastmaster, uniq_nessos
Snake:1:  hangedman_cross_stitches, serial_shops, shop, serial_bayou_pond_e,
          minmay_shoptagon
Snake:2:  kennysheep_six_static_rooms, uniq_jorgrun
Snake:3:  nicolae_sea_snake_s, serial_shops, nicolae_shop_trees,
          serial_bayou_pond_b, abandoned_shop, abandoned_shop,
          grunt_ministairs_5
Orc:1:    nooodl_orcs_dogs
Orc:2:    grunt_orc_tribal_feast, serial_shops, shop, basic_altar, special_room,
          okawaru_metal_pillars_1_2

Skill      XL: |  1  2  3  4  5  6  7  8  9 10 11 12 13 14 15 16 17 |
---------------+----------------------------------------------------+-----
Dodging        | 2 3 4 5 |  5.5
Armour         | 3 4 5 7 8 9 10 12 13 14 15 16 | 16.0
Maces & Flails | 4 5 6 7 9 10 12 13 14 | 14.0
Fighting       | 4 5 6 7 8 9 10 12 13 14 15 16 | 16.2
Shields        | 3 5 7 10 11 12 14 | 14.7
Evocations     | 4 6 8 9 |  9.4

Action                   |  1- 3 |  4- 6 |  7- 9 | 10-12 | 13-15 | 16-18 || total
-------------------------+-------+-------+-------+-------+-------+-------++-------
Melee: Mace              |    87 |   245 |    92 |       |       |       ||   424
       Flail             |       |       |   105 |   819 |   751 |       ||  1675
       Whip              |       |       |   271 |    70 |  1197 |   378 ||  1916
       Demon whip        |       |       |       |       |    36 |   889 ||   925
Throw: Javelin           |       |       |       |   104 |    25 |       ||   129
       Tomahawk          |       |       |       |       |    59 |   151 ||   210
Invok: Trog's Hand       |       |     1 |     2 |     7 |    11 |     5 ||    26
       Burn Spellbooks   |       |     1 |       |     2 |     2 |     2 ||     7
       Berserk           |       |       |     1 |       |       |       ||     1
       Brothers in Arms  |       |       |     1 |       |       |       ||     1
 Abil: Fly               |       |       |       |       |     1 |       ||     1
Evoke: Wand              |       |       |       |    13 |     9 |     1 ||    23
  Use: Scroll            |       |       |    12 |    11 |     9 |     6 ||    38
       Potion            |       |       |       |       |       |     1 ||     1
 Stab: Distracted        |       |       |     1 |       |       |     1 ||     2
       Petrified         |       |       |       |       |     5 |       ||     5
       Confused          |       |       |       |       |     5 |       ||     5
       Sleeping          |       |       |       |       |       |     1 ||     1
  Eat: Chunk             |       |     8 |     8 |    12 |    29 |     5 ||    62
       Ration            |       |       |     2 |     4 |     3 |     4 ||    13
Armor: Animal skin       |     2 |       |       |       |       |       ||     2
       Chain mail        |    58 |   230 |   167 |       |       |       ||   455
       Plate armour      |       |       |   116 |   586 |   429 |    28 ||  1159
       Troll leather arm |       |       |       |       |   206 |   197 ||   403
Dodge: Dodged            |    42 |   165 |   176 |   196 |   400 |   271 ||  1250
Block: Shield            |       |       |       |   443 |  1222 |   713 ||  2378
       Reflection        |       |       |       |     3 |    53 |    61 ||   117

Table legend:
 A = Spawn XP
 B = Non-spawn XP
 C = Spawn XP percentage of total XP
 D = Spawn monster count
 E = Non-spawn monster count
 F = Spawn count percentage of total count
 G = Total turns spent on level
                    A         B        C        D         E        F      G
               +---------+---------+-------+---------+---------+-------+---------
         Total |       0 |  213025 |   0.0 |       0 |     814 |   0.0 | 28151
               +---------+---------+-------+---------+---------+-------+---------
           D:1 |       0 |      46 |   0.0 |       0 |      18 |   0.0 |   787
           D:2 |       0 |      92 |   0.0 |       0 |      21 |   0.0 |   691
           D:3 |       0 |      94 |   0.0 |       0 |      18 |   0.0 |   856
           D:4 |       0 |     343 |   0.0 |       0 |      17 |   0.0 |   722
           D:5 |       0 |     714 |   0.0 |       0 |      23 |   0.0 |  1381
           D:6 |       0 |    1081 |   0.0 |       0 |      21 |   0.0 |   875
           D:7 |       0 |     555 |   0.0 |       0 |       8 |   0.0 |  1305
           D:8 |       0 |    2676 |   0.0 |       0 |      40 |   0.0 |  1457
           D:9 |       0 |    4408 |   0.0 |       0 |      44 |   0.0 |  1142
          D:10 |       0 |    3262 |   0.0 |       0 |      34 |   0.0 |  1108
          D:11 |       0 |    2894 |   0.0 |       0 |      20 |   0.0 |   537
          D:12 |       0 |    8082 |   0.0 |       0 |      24 |   0.0 |   789
          D:13 |       0 |   23417 |   0.0 |       0 |      64 |   0.0 |  1625
          D:14 |       0 |   13799 |   0.0 |       0 |      27 |   0.0 |   777
          D:15 |       0 |   23297 |   0.0 |       0 |      53 |   0.0 |  1409
        Lair:1 |       0 |    5292 |   0.0 |       0 |      19 |   0.0 |  1008
        Lair:2 |       0 |    9430 |   0.0 |       0 |      26 |   0.0 |  1486
        Lair:3 |       0 |    4186 |   0.0 |       0 |      15 |   0.0 |   754
        Lair:4 |       0 |    7463 |   0.0 |       0 |      24 |   0.0 |  1116
        Lair:5 |       0 |   10142 |   0.0 |       0 |      41 |   0.0 |  1503
        Lair:6 |       0 |   21128 |   0.0 |       0 |      48 |   0.0 |  1615
       Snake:1 |       0 |   16621 |   0.0 |       0 |      33 |   0.0 |  1152
       Snake:2 |       0 |   18381 |   0.0 |       0 |      26 |   0.0 |  1116
       Snake:3 |       0 |   18789 |   0.0 |       0 |      31 |   0.0 |   933
         Orc:1 |       0 |    5111 |   0.0 |       0 |      61 |   0.0 |   842
         Orc:2 |       0 |   11722 |   0.0 |       0 |      58 |   0.0 |  1165
               +---------+---------+-------+---------+---------+-------+---------

Vault maps used:
D:1:      dpeg_arrival_pits
D:2:      xom_teletrap_fun
D:3:      nicolae_overflow_crystal_walls, lemuel_crystal_altar,
          lemuel_coloured_pillars_altar, nicolae_qazlal_style_of_elements
D:4:      gup_sewer_entry_pipe, serial_shops, nicolae_shop_behind_doors,
          first_ration, minivault_11
D:5:      lemuel_doored_altar, st_stairs_8, mrwooster_statue_mirror,
          uniq_menkaure
D:6:      temple_green, basic_altar
D:7:      statuecave_lemuel, grunt_temple_overflow_holy_war, serial_shops,
          kennysheep_mini_moat, serial_co_window_serial, co_window_corner_a,
          co_window_corner_a, co_window_corner_a, co_window_paths_b,
          co_window_cross_1, co_window_corner_cb, co_window_of_opportunity_b,
          co_window_of_opportunity_b, co_window_corner_ca, glass_columns_b,
          glass_columns_a, glass_columns_b, glass_columns_b, glass_columns_c,
          minmay_misc_feat_roman, uniq_prince_ribbit1
D:9:      minmay_lair_entry_grove, erik_orc_2, serial_shops, kennysheep_mini
D:10:     hangedman_fish_farm, hangedman_abyss_or_decor_slice, disabler_island,
          uniq_erica
D:11:     minmay_misc_feat_diagonals, uniq_fannar
D:13:     grunt_vaults_entry_tiered, enter_trove_6, serial_shops,
          nicolae_shop_crystal, uniq_josephine
D:14:     uniq_rupert
D:15:     grunt_enter_depths_magical_seal, minivault_23
Lair:1:   basic_altar, beast_lair_carwin_10
Lair:2:   nzn_random_ring, uniq_harold
Lair:3:   minmay_snake_entry_guardpost_small, infiniplex_staircase_pool_2,
          uniq_sonja
Lair:4:   minmay_shoals_entry_lonely_mermaid, forest_entry_grove,
          serial_bayou_shore_a
Lair:5:   minmay_slime_entry_oklob_open, serial_bayou_lagoon_a,
          lemuel_centaur_altar
Lair:6:   grunt_lair_end_beastmaster, uniq_nessos
Snake:1:  hangedman_cross_stitches, serial_shops, shop, serial_bayou_pond_e,
          minmay_shoptagon
Snake:2:  kennysheep_six_static_rooms, uniq_jorgrun
Snake:3:  nicolae_sea_snake_s, serial_shops, nicolae_shop_trees,
          serial_bayou_pond_b, abandoned_shop, abandoned_shop,
          grunt_ministairs_5
Orc:1:    nooodl_orcs_dogs
Orc:2:    grunt_orc_tribal_feast, serial_shops, shop, basic_altar, special_room,
          okawaru_metal_pillars_1_2

Table legend:
 A = Turns spent in this place as a percentage of turns spent in the entire game.
 B = Non-inter-level travel turns spent in this place as a percentage of non-inter-level travel turns spent in the entire game.
 C = Inter-level travel turns spent in this place as a percentage of turns spent in this place.
 D = Turns resting spent in this place as a percentage of non-inter-level travel turns spent in this place.
 E = Turns spent auto-exploring this place as a percentage of non-inter-level travel turns spent in this place.
 F = Non-inter-level travel turns spent in this place divided by the number of levels of this place that you've seen.
                   A       B       C       D       E      F
               +-------+-------+-------+-------+-------+----------------------
         Total | 100.0 | 100.0 |   6.2 |  17.6 |  52.7 | 1015.9
       Dungeon |  54.9 |  54.3 |   7.2 |  17.4 |  53.8 | 956.1
          Lair |  26.6 |  26.9 |   5.1 |  20.1 |  53.9 | 1183.0
     Snake Pit |  11.4 |  12.0 |   1.2 |  19.3 |  42.7 | 1054.3
  Orcish Mines |   7.1 |   6.9 |   9.7 |   5.8 |  57.4 | 906.0
               +-------+-------+-------+-------+-------+----------------------

Table legend:
 A = Kills in this place as a percentage of kills in entire the game.
 B = Kills by you in this place as a percentage of kills by you in the entire game.
 C = Kills by friends in this place as a percentage of kills by friends in the entire game.
 D = Other kills in this place as a percentage of other kills in the entire game.
 E = Experience gained in this place as a percentage of experience gained in the entire game.
 F = Experience gained in this place divided by the number of levels of this place that you have seen.
                   A       B       C       D       E      F
               +-------+-------+-------+-------+-------+----------------------
         Total | 100.0 | 100.0 |   N/A | 100.0 | 100.0 | 8193.3
       Dungeon |  53.1 |  53.4 |   N/A |  27.3 |  39.8 | 5650.7
          Lair |  21.3 |  20.9 |   N/A |  45.5 |  27.1 | 9606.8
     Snake Pit |  11.1 |  11.0 |   N/A |  18.2 |  25.3 | 17930.3
  Orcish Mines |  14.6 |  14.7 |   N/A |   9.1 |   7.9 | 8416.5
               +-------+-------+-------+-------+-------+----------------------
